Map: Dusk Towers

Players

blackxored - Winner!

  • Race: Zerg Zerg
  • League: Diamond

Zyx

  • Race: Zerg Zerg
  • League: Gold

VOD

Have the link to the VOD?

Description

Time

  • Played on: July 1, 2016, 12:38 p.m.
  • Length: 17:51
Show
View Real Time Build Order
Export as new Build Order

blackxored Zerg - Winner!

Build Orders: Pool First 

Get SALT Encoding   

  12  0:01  Drone  
  13  0:08  Drone  
  14  0:23  Extractor, Drone  
  14  0:32  Spawning Pool  
  14  0:35  Drone  
  14  0:43  Overlord  
  14  0:53  Extractor, Drone  
  15  1:03  Drone x2  
  17  1:10  Drone  
  18  1:21  Queen  
  18  1:24  Overlord  
  20  1:31  Metabolic Boost  
  20  1:50  Baneling Nest  
  20  1:52  Zergling x6  
  22  2:07  Zergling x2  
  23  2:16  Hatchery  
  23  2:18  Zergling x2  
  23  2:25  Drone  
  23  2:29  Drone  
  25  2:34  Overlord  
  25  2:38  Zergling x2  
  25  2:42  Zergling x2  
  27  2:44  Baneling  
  27  2:46  Baneling  
  27  2:47  Baneling  
  27  2:49  Baneling  
  27  2:54  Zergling x2  
  28  3:02  Zergling x4  
  28  3:03  Zergling x2  
  30  3:08  Zergling x2  
  31  3:14  Zergling x2  
  30  3:21  Zergling x2  
  30  3:25  Baneling  
  31  3:30  Zergling x2  
  32  3:37  Zergling x2  
  32  3:38  Zergling x4  
  31  3:47  Queen  
  31  3:48  Zergling x4  
  31  3:54  Drone x2  
  32  4:03  Drone x2  
  34  4:11  Overlord x2  
  34  4:18  Drone  
  34  4:19  Drone  
  36  4:25  Lair  
  36  4:27  Drone  
  37  4:37  Drone x3  
  41  4:38  Drone  
  41  4:43  Drone  
  42  4:45  Drone  
  42  4:46  Drone  
  42  4:48  Drone  
  44  4:53  Drone  
  44  4:54  Drone  
  44  4:58  Drone x2  
  44  4:59  Drone  
  49  5:02  Extractor  
  49  5:03  Drone  
  49  5:09  Drone  
  49  5:12  Extractor, Drone  
  50  5:14  Extractor, Drone x2  
  50  5:18  Drone x2  
  53  5:28  Overlord  
  53  5:34  Spire  
  52  5:37  Drone  
  53  5:42  Overlord  
  53  5:56  Overlord  
  53  6:03  Zergling x10  
  53  6:04  Zergling x2  
  59  6:09  Overlord x2  
  59  6:19  Drone  
  60  6:29  Hatchery  
  59  6:35  Overseer  
  59  6:37  Overlord  
  59  6:47  Mutalisk  
  59  6:48  Mutalisk x5  
  71  6:58  Mutalisk  
  73  7:13  Mutalisk  
  75  7:21  Zerg Flyer Weapons Level 1  
  75  7:36  Evolution Chamber  
  74  7:37  Evolution Chamber  
  74  7:38  Drone x3  
  74  7:40  Infestation Pit  
  74  7:43  Queen  
  77  7:44  Drone x13  
  90  7:52  Hatchery  
  89  8:09  Zerg Melee Weapons Level 1, Zerg Ground Armor Level 1  
  89  8:10  Drone x7  
  96  8:13  Extractor  
  96  8:14  Extractor  
  96  8:19  Drone x3  
  98  8:20  Drone x2  
  98  8:24  Drone  
  100  8:27  Hive  
  100  8:38  Extractor  
  99  8:42  Extractor, Zergling x8  
  99  8:43  Zergling x8  
  106  9:02  Overlord x3  
  106  9:22  Drone x5  
  111  9:24  Drone  
  112  9:51  Drone  
  113  9:53  Ultralisk Cavern  
  113  9:54  Adrenal Glands  
  113  9:56  Drone x3  
  113  9:57  Drone x6  
  121  10:03  Overseer  
  121  10:06  Overseer  
  121  10:13  Viper x4, Hatchery  
  132  10:19  Evolution Chamber  
  131  10:21  Evolution Chamber  
  131  10:22  Evolution Chamber  
  131  10:25  Queen  
  131  10:26  Drone  
  132  10:32  Extractor  
  131  10:36  Extractor  
  131  10:40  Chitinous Plating  
  131  10:41  Ultralisk  
  136  10:42  Overlord  
  136  10:43  Overlord x3  
  134  11:05  Overlord  
  134  11:07  Ultralisk  
  134  11:09  Overlord x2  
  140  11:24  Ultralisk x2  
  140  11:25  Ultralisk  
  153  11:33  Ultralisk x3  
  153  11:37  Overseer  
  153  11:38  Overseer x3  
  153  11:39  Overlord x3  
  171  11:40  Overlord  
  168  11:50  Overseer  
  166  12:05  Ultralisk x3  
  175  12:12  Zergling x2  
  159  12:20  Ultralisk  
  165  12:23  Ultralisk  
  165  12:26  Zergling x2  
  165  12:27  Zergling x30  
  163  12:33  Zergling x4  
  159  12:39  Ultralisk  
  158  12:46  Ultralisk  
  159  12:55  Ultralisk  
  159  13:04  Overlord  
  159  13:13  Ultralisk x2  
  159  13:18  Queen  
  173  13:25  Overseer x3  
  162  13:51  Ultralisk x2  
  174  13:57  Zergling x2  
  174  13:58  Zergling x30  
  174  13:59  Overlord x3  
  184  14:02  Zerg Ground Armor Level 2  
  184  14:03  Zerg Melee Weapons Level 2  
  184  14:13  Drone x5  
  184  14:14  Drone  
  184  14:15  Hatchery  
  189  14:20  Overseer  
  189  14:22  Overseer  
  189  14:25  Drone x2  
  189  14:26  Viper  
  194  14:41  Queen  
  194  14:42  Drone  
  197  15:17  Extractor  
  197  15:19  Drone  
  197  15:38  Queen  
  199  15:45  Drone  
  200  16:03  Extractor  
  199  16:05  Extractor  
Show
View Real Time Build Order
Export as new Build Order

Zyx Zerg 

Build Orders: Hatch First, Lurkers 

Get SALT Encoding   

  12  0:07  Overlord  
  12  0:18  Drone x2  
  14  0:27  Drone  
  15  0:36  Drone  
  16  0:55  Hatchery  
  15  0:59  Drone  
  15  1:03  Extractor  
  15  1:11  Drone  
  16  1:20  Spawning Pool  
  16  1:24  Drone  
  16  1:27  Drone  
  17  1:37  Drone  
  17  1:38  Drone  
  19  1:59  Overlord  
  19  2:09  Queen  
  19  2:11  Metabolic Boost  
  21  2:24  Drone x2  
  23  2:30  Roach Warren  
  23  2:31  Drone  
  23  2:37  Zergling x4  
  23  2:39  Zergling x2  
  26  2:44  Zergling x2  
  26  2:49  Overlord  
  26  3:10  Roach  
  26  3:11  Roach x3  
  35  3:34  Roach x3  
  35  3:35  Roach  
  39  3:46  Roach  
  41  3:53  Queen  
  43  4:12  Extractor  
  43  4:14  Drone x2  
  43  4:15  Overlord x2  
  44  4:35  Drone  
  44  4:36  Drone x4  
  49  5:02  Drone, Hatchery  
  49  5:03  Drone x6  
  55  5:12  Overlord  
  55  5:14  Drone  
  55  5:15  Drone x3  
  59  5:22  Lair  
  59  5:27  Overlord  
  59  5:32  Overlord  
  59  5:39  Extractor  
  58  5:47  Drone x3  
  58  5:48  Drone x2  
  63  5:51  Overlord  
  63  5:52  Overlord  
  63  6:00  Evolution Chamber  
  63  6:01  Drone, Evolution Chamber  
  63  6:02  Drone x2  
  64  6:06  Drone x2  
  66  6:14  Drone  
  66  6:15  Drone x5  
  72  6:26  Extractor  
  72  6:31  Hydralisk Den  
  70  6:33  Spore Crawler  
  70  6:35  Spore Crawler  
  70  6:37  Drone x2  
  70  6:38  Spore Crawler  
  69  6:43  Zerg Missile Weapons Level 1  
  69  6:45  Zerg Ground Armor Level 1  
  69  6:46  Drone  
  70  6:47  Drone x4  
  70  6:51  Queen  
  76  6:56  Drone x2  
  76  6:57  Drone  
  76  6:59  Drone x2  
  81  7:11  Spore Crawler  
  81  7:12  Drone, Spore Crawler  
  81  7:13  Drone  
  81  7:14  Drone x6  
  86  7:24  Roach  
  88  7:36  Hydralisk x5  
  94  7:39  Overlord  
  94  7:40  Overlord  
  98  7:45  Spore Crawler x2  
  98  7:48  Spore Crawler  
  95  7:51  Spine Crawler  
  94  8:02  Hydralisk x7  
  106  8:11  Overlord x4  
  106  8:18  Extractor  
  105  8:21  Extractor, Queen  
  105  8:23  Lurker Den  
  106  8:31  Hydralisk x2  
  106  8:32  Hydralisk x4  
  118  8:35  Pneumatized Carapace  
  118  8:50  Spore Crawler  
  118  8:52  Zerg Missile Weapons Level 2  
  118  8:53  Zerg Ground Armor Level 2  
  117  8:56  Hydralisk x2  
  117  8:58  Zergling x10  
  117  8:59  Zergling x4  
  128  9:12  Drone  
  128  9:13  Drone  
  128  9:15  Overlord x3  
  130  9:31  Overlord x3  
  130  9:36  Hydralisk x3  
  136  9:54  Hydralisk x11  
  158  10:13  Lurker x3  
  161  10:20  Lurker  
  162  10:26  Zergling x2  
  162  10:27  Zergling x18  
  172  10:46  Overlord  
  172  10:47  Overlord x4  
  172  11:08  Roach x13  
  198  11:27  Hatchery  
  197  11:33  Roach  
  199  11:59  Spine Crawler x2  
  195  12:03  Spine Crawler  
  112  12:23  Hydralisk x10  
  112  12:24  Hydralisk x8  
  112  12:56  Roach x8  
  115  13:03  Muscular Augments  
  113  13:21  Lurker  
  113  13:22  Lurker x4  
  118  13:31  Roach x10  
  118  13:32  Roach x2  
  89  14:08  Drone x3  
  88  14:11  Hydralisk x9  
  106  14:26  Drone  
  107  14:36  Overseer x3  
  107  14:37  Extractor  
  106  14:41  Extractor  
  105  14:45  Infestation Pit  
  104  14:54  Hydralisk x3  
  104  14:55  Hydralisk x12  
  134  15:00  Lurker  
  134  15:01  Lurker x2  
  134  15:03  Lurker x3  
  133  15:39  Drone  
  133  15:40  Drone x2, Hatchery  
  135  15:43  Hydralisk  
  135  15:44  Hydralisk x8  
Tags
 
Composition
Lurkers
Matchup
ZvZ
Race
Zerg
Add a new tag
Caveats
  • Supply blocks, unpowered buildings, or Contaminate may cause inaccurate times.
  • Supply counts are checked every 10 seconds.